Cogmind - Beta 16.1 @@@ ROGUE MODE // 2026.03.18 @ 00:22:59 Player: T216 Result: Destroyed by DI-CVA(R) with Subdweller Laser Performance ------------- Evolutions (0) 0 Regions Visited (2) 400 Robots Destroyed (44) 220 Value Destroyed (829) 829 Prototype IDs (15) 300 Alien Tech Used (0) 0 Bonus (0) 0 TOTAL SCORE: 1749 Bonus ------- None Cogmind --------- Core Integrity 0/250 Matter 242/300 Energy 170/170 System Corruption 6% Temperature Cool (12) Movement Treading (250) Ox1 Location -10/Subcaves Parts ------- > --- POWER (1) -------- Makeshift Power Source > --- PROPULSION (2) --- Light Treads Spiked Treads > --- UTILITY (2) ------ High-capacity Storage Unit Core Shielding > --- WEAPON (2) ------- Subdweller Machine Gun Mini Grenade Launcher > --- INVENTORY (20) --- Ion Engine Light Ion Engine Light Treads Light Treads Compact Wheel Compact Wheel Large Storage Unit High-capacity Matter Pod (200) Seismic Detector Seismic Detector Core Shielding Makeshift Light Armor Plating Makeshift Light Armor Plating Makeshift Laser Barrage Gun Barrage Gun Makeshift Shrapnel Gun Mini Grenade Launcher Mining Laser Mace Peak State ------------ > --- POWER ------------ Makeshift Power Source > --- PROPULSION ------- Spiked Treads Compact Wheel > --- UTILITY ---------- High-capacity Storage Unit Seismic Detector > --- WEAPON ----------- Subdweller Machine Gun Mace > --- INVENTORY -------- Ion Engine Light Ion Engine Light Treads Light Treads Light Treads Spiked Treads Compact Wheel Large Storage Unit High-capacity Matter Pod Seismic Detector Core Shielding Core Shielding Makeshift Laser Barrage Gun Barrage Gun Makeshift Shrapnel Gun Mini Grenade Launcher Mini Grenade Launcher Mini Grenade Launcher Mining Laser [Rating: 16] Favorites ----------- Power Ion Engine Engine Ion Engine Propulsion Light Treads Treads Light Treads Wheel Compact Wheel Utility Seismic Detector Device Seismic Detector Storage High-capacity Storage Unit Protection Core Shielding Weapon Mace Energy Gun Medium Laser Energy Cannon Subdweller Beam Cannon Ballistic Gun Subdweller Machine Gun Launcher Mini Grenade Launcher Special Weapon Mining Laser Impact Weapon Mace Build | -11 -10 -10 ------- Run | Yrd Mat Sub Slots Evolved . | . . . Power . | . . . Propulsion . | . . . Utility . | . . . Weapon . | . . . Parts Attached 26 | 7 7 12 Power 2 | 1 . 1 Engine 2 | 1 . 1 Core . | . . . Reactor . | . . . Propulsion 7 | 2 1 4 Treads 6 | 2 . 4 Leg . | . . . Wheel 1 | . 1 . Hover . | . . . Flight . | . . . Utility 7 | 2 3 2 Device 2 | 1 . 1 Storage 4 | 1 3 . Processor . | . . . Hackware . | . . . Protection 1 | . . 1 Artifact . | . . . Weapon 10 | 2 3 5 Energy Gun 1 | 1 . . Energy Cannon 2 | . . 2 Ballistic Gun 2 | 1 . 1 Ballistic Cannon . | . . . Launcher 3 | . 2 1 Special Weapon 1 | . 1 . Impact Weapon 1 | . . 1 Slashing Weapon . | . . . Piercing Weapon . | . . . Special Melee Weapon . | . . . Unidentified Prototypes . | . . . Parts Lost . | . . . Power . | . . . Propulsion . | . . . Utility . | . . . Weapon . | . . . Highest Loss Streak . | . . . To Critical Strikes . | . . . Average Backups 14 | 5 12 19 Power 1 | 1 2 2 Propulsion 3 | 1 3 4 Utility 3 | . 2 5 Weapon 5 | . 4 7 Tool/Special . | . . . Unused Backups 21 | . 5 16 Power 2 | . . 2 Propulsion 2 | . . 2 Utility 5 | . 1 4 Weapon 12 | . 4 8 Tool/Special . | . . . Average Slot Usage (%) 99 | . 99 100 Engine 14 | . 14 14 Treads 16 | . 20 14 Wheel 11 | . 7 13 Device 13 | . 14 12 Storage 14 | . 14 14 Energy Gun 4 | . 13 . Energy Cannon 1 | . . 2 Ballistic Gun 8 | . 2 11 Launcher 5 | . 11 1 Impact Weapon 8 | . . 12 Peak Build Rating 16 | 7 10 16 Average Rating 10 | 6 8 12 On Entrance 5 | . 7 10 Avg Prop Armor Cover (%) 15 | . 14 15 Naked Turns . | . . . Heaviest Build 56 | 14 49 56 Greatest Support 40 | 40 40 40 Greatest Overweight (x) 3 | . 3 3 Average Overweight (x) 2 | . 1 2 Largest Inventory Capacity 20 | 8 20 20 Average Capacity 15 | 7 13 20 Most Carried 20 | 6 20 20 Average Carried 14 | 5 12 19 Final Capacity 20 | 8 20 20 Final Carried 20 | 6 20 20 Class Distribution -------------------- 100% | Mutant Dominant Class ---------------- Mutant | -10/Materials Mutant | -10/Subcaves Resources | -11 -10 -10 ----------- Run | Yrd Mat Sub Matter Collected 1384 | 311 497 576 Remotely . | . . . Salvage Created 1044 | 289 462 293 Parts 74 | 29 28 17 Haulers Intercepted 2 | . 2 . Recyclers Shooed 1 | . 1 . Parts Field Recycled . | . . . Retrieved Matter . | . . . Parts Self-Destructed 9 | . . 9 Prevented . | . . . Parts Restored . | . . . Kills | -11 -10 -10 ------- Run | Yrd Mat Sub Combat Hostiles Destroyed 20 | . 10 10 Melee 1 | . . 1 Guns 1 | . . 1 Cannons 1 | . . 1 AOE 17 | . 10 7 Classes Destroyed 11 | 3 6 2 Worker 5 | 4 1 . Builder 1 | . 1 . Tunneler 9 | 9 . . Hauler 2 | . 2 . Recycler 3 | 1 2 . Operator 1 | . 1 . Watcher 3 | . 3 . Swarmer 5 | . 3 2 Grunt 9 | . 7 2 Sentry 1 | . . 1 Subdweller 5 | . . 5 Best Kill Streak 8 | 5 8 2 Combat Bots Only 5 | . 5 2 Max Kills in Single Turn 2 | 1 2 2 Gunslinging . | . . . Exploded 2 | . 2 2 Melee 1 | . . 1 Uniques/NPCs Destroyed . | . . . Combat | -11 -10 -10 -------- Run | Yrd Mat Sub Hostile Shots Fired 38 | . 8 30 Missed 5 | . 1 4 Hits 33 | . 7 26 Projectile 33 | . 7 26 AOE 1 | . . 1 Critical Strikes 1 | . . 1 Damage Taken 734 | . 177 557 Core 254 | . 74 180 Absorbed by Shields . | . . . Redirected to Shielding 35 | . . 35 Core Remaining (%) 100 | 100 . . Volleys Fired 120 | 41 42 37 Largest 2 | 2 2 1 Hottest 100 | 70 100 80 Shots Fired 173 | 82 53 38 Gun 125 | 82 28 15 Cannon 10 | . . 10 Launcher 34 | . 21 13 Special 4 | . 4 . Kinetic 67 | 41 11 15 Thermal 72 | 41 21 10 Explosive 34 | . 21 13 Electromagnetic . | . . . Robot Hit Streak 17 | 7 4 17 Robot Miss Streak 4 | 3 2 4 Penetration Max . | . . . Secondary Targets . | . . . Shots Hit Robots 90 | 52 19 19 Core Hits 66 | 22 30 14 Critical Kills . | . . . Critical Parts Destroyed . | . . . Critical Strikes 8 | 6 2 . Burn 8 | 6 2 . Melee Attacks 37 | . . 37 Impact 37 | . . 37 Slashing . | . . . Piercing . | . . . Sneak Attacks . | . . . Combat Hostiles . | . . . Follow-up Attacks . | . . . Damage Inflicted 2846 | 563 1347 936 Guns 805 | 563 199 43 Cannons 250 | . . 250 Explosions 1762 | . 1148 614 Melee 29 | . . 29 Ramming . | . . . Kinetic 265 | 186 36 43 Thermal 790 | 377 163 250 Explosive 1762 | . 1148 614 Electromagnetic . | . . . Impact 29 | . . 29 Slashing . | . . . Piercing . | . . . Highest Corruption 6 | . 6 6 Average Corruption 5 | . 4 6 Corruption Purged . | . . . Corruption Blocked . | . . . Effects 96 | . 22 74 Message Errors 24 | . 6 18 Matter Fused 24 | . 7 17 Heat Flow Errors 9 | . 2 7 Energy Discharges 16 | . 2 14 Data Loss (minor) 10 | . 4 6 Data Loss (major) 5 | . . 5 Misfires 4 | . 1 3 Alerts 3 | . . 3 Weapon Failures 1 | . . 1 Overload Shots . | . . . Overflow Damage 51 | . 51 . Projectiles . | . . . Explosions 51 | . 51 . Melee . | . . . Knockbacks . | . . . Impact . | . . . Kinetic . | . . . Secondary . | . . . Self-Inflicted Damage 159 | . 69 90 Shots 6 | . 3 3 Rammed . | . . . Targets Rammed . | . . . Kicked . | . . . Crushed . | . . . Highest Temperature 262 | 120 262 252 Average Temperature 55 | 41 63 86 Received Heat Transfer 126 | . 54 72 Siege Activations . | . . . Martial Activations . | . . . Shielding Activations . | . . . Robots Disrupted . | . . . Combat Hostiles . | . . . Robots Corrupted . | . . . Combat Hostiles . | . . . Parts Fried . | . . . Impact Corruptions . | . . . Robots Melted . | . . . Combat Hostiles . | . . . Parts Melted 5 | 4 . 1 Heat Transferred 2516 | 1554 629 333 Parts Sabotaged . | . . . Parts Stolen . | . . . Parts Stripped . | . . . Power Chain Reactions . | . . . Alert | -11 -10 -10 ------- Run | Yrd Mat Sub Maximum Alert Level 1 | . 1 . Low Security (%) 87 | 100 76 . Level 1 12 | . 23 . Level 2 . | . . . Level 3 . | . . . Level 4 . | . . . Level 5 . | . . . High Security . | . . . Max Security . | . . . Peak Influence 292 | 15 292 . Initial . | . . . Average 67 | . 123 . Influence Increases 723 | 70 543 110 Destroy 0b10 Robot/C 300 | . 200 100 Destroy 0b10 Robot/NC 120 | 70 50 . Destroy Leader 60 | . 50 10 Successful Hack 19 | . 19 . Select Force Hacks 30 | . 30 . Disable Machine 45 | . 45 . Destroy Structure 149 | . 149 . Influence Decreases 723 | 70 371 282 Entered New Map 84 | . . 84 Time Decay 639 | 70 371 198 Squads Dispatched 2 | . 2 . Investigation 1 | . 1 . Extermination . | . . . Reinforcement 1 | . 1 . Assault . | . . . Garrison . | . . . Intercept . | . . . Searches Triggered . | . . . Construction Impeded . | . . . Haulers Reinforced . | . . . Active Scanning Responses . | . . . Cargo Convoy Interrupts . | . . . Stealth | -11 -10 -10 --------- Run | Yrd Mat Sub Distress Signals 2 | . 2 . Communications Jammed . | . . . Distress Signals . | . . . Times Spotted 23 | . 13 10 Peak Tracking Total 4 | . 4 3 Tactical Retreats 1 | . 1 . Traps | -11 -10 -10 ------- Run | Yrd Mat Sub Traps Triggered 5 | . 5 . Indirectly . | . . . Trap Hack Attempts . | . . . Triggered . | . . . Disarmed . | . . . Reprogrammed . | . . . Reused . | . . . Traps Extracted . | . . . Installed . | . . . Triggered . | . . . Machines | -11 -10 -10 ---------- Run | Yrd Mat Sub Machines Disabled 4 | . 3 1 Max in Single Turn 1 | . 1 1 Machines Repaired . | . . . Machines Dismantled . | . . . Machines Sabotaged . | . . . Overloaded Fab Kills . | . . . Hacking | -11 -10 -10 --------- Run | Yrd Mat Sub Machines Accessed 8 | . 6 2 Terminals 5 | . 5 . Fabricators . | . . . Repair Stations . | . . . Recycling Units 1 | . 1 . Scanalyzers . | . . . Garrison Access . | . . . Total Hacks 18 | . 12 6 Successful 14 | . 8 6 Failed 4 | . 4 . Catastrophic . | . . . Database Lockouts . | . . . Manual 8 | . 8 . Terminals 11 | . 11 . Fabricators . | . . . Repair Stations . | . . . Recycling Units 1 | . 1 . Scanalyzers . | . . . Garrison Access . | . . . Terminal Hacks 12 | . 6 6 Record 5 | . . 5 Robot Analysis 1 | . 1 . Prototype ID Bank 1 | . 1 . Alert Level 1 | . 1 . Locate Traps 2 | . 2 . Zone Layout 1 | . 1 . Proto ID Catalog 1 | . . 1 Fabricator Hacks . | . . . Repair Station Hacks . | . . . Recycling Unit Hacks . | . . . Scanalyzer . | . . . Garrison Access Hacks . | . . . Unauthorized Hacks 2 | . 2 . Terminals 1 | . 1 . Botnet 1 | . 1 . Fabricators . | . . . Repair Stations . | . . . Recycling Units 1 | . 1 . Tunnel 1 | . 1 . Scanalyzers . | . . . Garrison Access . | . . . Data Cores Recovered . | . . . Used . | . . . Hacking Detections 1 | . 1 . Full Trace Events . | . . . Feedback Events . | . . . Feedback Blocked . | . . . Robot Schematics Acquired . | . . . Robots Built . | . . . Authchips . | . . . Time . | . . . Total Robot Build Rating . | . . . Part Schematics Acquired . | . . . Parts Built . | . . . Authchips . | . . . Time . | . . . Total Part Build Rating . | . . . Part Studies Acquired . | . . . Parts Repaired . | . . . Time . | . . . Parts Recycled . | . . . Recycled Matter . | . . . Retrieved Matter . | . . . Retrieved Components . | . . . Parts Scanalyzed . | . . . Part Schematics Acquired . | . . . Parts Damaged . | . . . Bothacking | -11 -10 -10 ------------ Run | Yrd Mat Sub Used RIF Installer . | . . . Robots Hacked . | . . . Non-combat . | . . . Combat . | . . . Robot Hacks Applied . | . . . Relay Couplers Released . | . . . Fabnet Peak Effective % . | . . . Robots Rewired . | . . . Allies Hacked . | . . . Hacks Repelled . | . . . Allies | -11 -10 -10 -------- Run | Yrd Mat Sub Total Allies . | . . . Largest Group . | . . . Highest-Rated Group . | . . . Highest-Rated Ally . | . . . Total Orders . | . . . Ally Attacks . | . . . Total Damage . | . . . Kills . | . . . Allies Corrupted . | . . . Allies Melted . | . . . Intel | -11 -10 -10 ------- Run | Yrd Mat Sub Active Infowar (turns) 4756 | 989 1320 2447 Seismic 4756 | 989 1320 2447 Robot Analysis Total 1 | . 1 . Derelict Logs Recovered 3 | . . 3 Drone Launches . | . . . Drone Recoveries . | . . . Exploration | -11 -10 -10 ------------- Run | Yrd Mat Sub Turns Passed 5060 | 1105 1320 2635 Spaces Moved 2428 | 311 793 1324 Core 3 | 3 . . Treads 642 | 308 318 16 Legs . | . . . Wheels 1783 | . 475 1308 Hover . | . . . Flight . | . . . Fastest Speed 50 | 50 115 145 Average Speed 147 | 158 145 146 Slowest Speed 240 | 160 160 240 Overloaded Moves . | . . . Propulsion Burnouts . | . . . Robots Hopped . | . . . Potential Cave-ins . | . . . Cave-ins Triggered . | . . . Exploration Rate (%) 57 | 8 95 70 Regions Visited 2 Branch Regions 1 Pre-discovered Areas 3 | . 1 2 Known Exits Taken . | . . . Unknown Exits Taken 2 | 1 1 . Scrap Searched 13 | . . 13 Spaces Dug 97 | . 65 32 Terrain Destroyed 250 | . 170 80 Melee 11 | . . 11 Projectile 7 | . 4 3 AOE 232 | . 166 66 Terrain Rammed . | . . . Walls Destroyed . | . . . Machines Disabled . | . . . Actions | -11 -10 -10 --------- Run | Yrd Mat Sub Total 3662 | 844 901 1917 Wait 981 | 480 30 471 Move 2426 | 310 792 1324 Hop . | . . . Pick Up 35 | 6 19 10 Fast Attach 8 | 7 1 . Attach 3 | . . 3 Detach . | . . . Swap 32 | . 8 24 Drop 20 | . 9 11 Fire 120 | 41 42 37 Melee 37 | . . 37 Ram . | . . . Kick . | . . . Crush . | . . . Escape Stasis . | . . . Rewire . | . . . Trap . | . . . Miscellaneous . | . . . Route ------- -11/Scrapyard -10/Materials (discovered 6 exits: [*Mat x3] / [*Min x2] / *Sub) -10/Subcaves (discovered 1 exit: [*Mat]) History --------- Turn | Location | Event 11 | -11/Scrapyard | Discovered new exit (range 14) 1106 | -11/Scrapyard | Entered Materials 1107 | -10/Materials | Build established: Mutant 1233 | -10/Materials | Discovered new exit (range 16) 1318 | -10/Materials | Discovered new exit (range 16) 1516 | -10/Materials | Discovered new exit (range 16) 1706 | -10/Materials | Derelicts attacked the area 1854 | -10/Materials | Discovered new exit (range 15) 1936 | -10/Materials | Discovered new exit (range 6) 2421 | -10/Materials | Discovered new exit (range 4) 2426 | -10/Materials | Entered Subcaves 2427 | -10/Subcaves | Approached by a straggling Scientist 2544 | -10/Subcaves | Ambushed by Subdweller buried in earth 2556 | -10/Subcaves | Core integrity fell below 50% 2718 | -10/Subcaves | Discovered new exit (range 11) 2750 | -10/Subcaves | A swath of the cavern ceiling suddenly collapsed 2881 | -10/Subcaves | Learned Materials emergency access door positions 2896 | -10/Subcaves | Learned Materials garrison access intel 2925 | -10/Subcaves | Learned location of Zion (-7) 2942 | -10/Subcaves | Core integrity fell below 20% 3046 | -10/Subcaves | Shifting Twisted Machinery released Battle Rifle 3091 | -10/Subcaves | Shifting Twisted Machinery released Flamer 3519 | -10/Subcaves | Shifting Twisted Machinery released Mak. Shrapnel Gun 3668 | -10/Subcaves | Shifting Twisted Machinery released Sub. Monowheel 3695 | -10/Subcaves | Shifting Twisted Machinery released Unknown Energy Gun 4181 | -10/Subcaves | Visited 4L-MR0's lab 4260 | -10/Subcaves | Visited Clippyterm 4264 | -10/Subcaves | Learned Factory fabricator intel 4264 | -10/Subcaves | Learned Factory emergency access door positions 4858 | -10/Subcaves | Met a Zionite searching for "candidates" 5058 | -10/Subcaves | A Subdweller sparked back to life 5058 | -10/Subcaves | A Subdweller sparked back to life 5061 | -10/Subcaves | Destroyed by DI-CVA(R) with Subdweller Laser Last Messages --------------- 04801_ MX-78I(z): "She is not going to be happy we haven't found any suitable candidates yet." 04805_ 4DHRG J|B